 Dungeon Crawl Stone Soup version 0.16-a0-3933-g06ce5c0 (webtiles) character file.

61 abixa the Bolt Thrower (level 4, 26/26 HPs)
             Began as a Kobold Hunter on Feb 5, 2015.
             Was an Initiate of Nemelex Xobeh.
             Quit the game on level 2 of the Dungeon.
             The game lasted 00:05:16 (1735 turns).

abixa the Bolt Thrower (Kobold Hunter)              Turns: 1735, Time: 00:05:17

Health: 26/26      AC:  7    Str: 10    XL:     4   Next: 27%
Magic:  4/4        EV: 13    Int:  9    God:    Nemelex Xobeh [......]
Gold:   63         SH:  0    Dex: 17    Spells: 0 memorised, 3 levels left

rFire  . . .     SeeInvis .     a - +0 short sword
rCold  . . .     Clarity  .     m - +0 ring mail
rNeg   . . .     SustAb   .     (no shield)
rPois  .         Gourm    .     (no helmet)
rElec  .         Spirit   .     r - +0 cloak
rCorr  .         Warding  .     h - +0 pair of gloves
rMut   .         Stasis   .     (no boots)
MR     .....                    (no amulet)
Stlth  +.........               (no ring)
                                (no ring)

@: not resistant to hostile enchantments, very unstealthy
A: carnivore 3
a: Renounce Religion


You were on level 2 of the Dungeon.
You worshipped Nemelex Xobeh.
Nemelex Xobeh was noncommittal.
You were not hungry.

You visited 1 branch of the dungeon, and saw 2 of its levels.

You collected 63 gold pieces.

Inventory:

Hand weapons
 a - a +0 short sword (weapon)
 b - a +1 hand crossbow
Missiles
 c - 18 bolts
Armour
 d - a +0 leather armour
 h - a +0 pair of gloves (worn)
 m - a +0 ring mail (worn)
 r - a +0 cloak (worn)
Jewellery
 p - an uncursed ring of flight {unknown}
Scrolls
 o - 2 scrolls of identify {unknown}
Potions
 g - a potion of cancellation {unknown}
 i - a potion of ambrosia {unknown}
 j - a potion of restore abilities {unknown}
 k - a potion of brilliance {unknown}
 l - a potion of lignification {unknown}
Miscellaneous
 q - a plain deck of destruction
Comestibles
 f - 2 meat rations
 n - a slice of pizza


   Skills:
 - Level 2.1 Fighting
 + Level 4.7 Short Blades
 - Level 4.8 Crossbows
 - Level 2.4 Dodging
 - Level 1.3 Stealth


You had 3 spell levels left.
You didn't know any spells.

Dungeon Overview and Level Annotations

Branches:
Dungeon (2/15)

Altars:
Nemelex Xobeh


Innate Abilities, Weirdness & Mutations

You are small and have problems with some larger weapons.
You are carnivorous and can eat meat at any time.


Message History

You closely miss the hobgoblin. You hit the hobgoblin.
The hobgoblin is almost dead.
The hobgoblin closely misses you.
You closely miss the hobgoblin.
The hobgoblin is almost dead.
The hobgoblin hits you but does no damage.
You closely miss the hobgoblin.
The hobgoblin is almost dead.
The hobgoblin misses you.
You barely miss the hobgoblin.
The hobgoblin is almost dead.
The hobgoblin closely misses you.
You hit the hobgoblin.
You kill the hobgoblin!
You now have 63 gold pieces (gained 11).
You start resting.
You start resting.
HP restored.
Are you sure you want to abandon this character and quit the game? (Confirm with "yes".)

[........§...........§.§#
.###.###.§.≈§§.≈§≈.≈.≈.≈#
................§§.....§#
####.####≈§≈.≈.§§§.≈.≈.§#
#.# ##......§.§......##
#.# #§≈.≈§§.≈.§§≈.≈.≈.#
#.# #....§..§.......(.#
#.###.§§≈§≈.≈.≈.≈.≈.≈.#
#......§§.....@.....$.#
#####.§§≈.≈.≈.§.≈.≈(≈.#
#§.§.......§....(.#
##.#####≈§≈.≈.≈.≈§≈.≈.≈.#
........................#
##.######.≈.≈.≈.§.≈.≈...#
######.##..###.## #......
.# .#####


There were no monsters in sight!

Vanquished Creatures
  3 adders (D:2)
  A worm (D:2)
  A giant gecko (D:1)
  An ooze (D:1)
  5 goblins (D:1)
  4 hobgoblins
  2 kobolds (D:1)
  6 bats (D:1)
  A giant newt (D:2)
  3 rats (D:1)
27 creatures vanquished.

Vanquished Creatures (others)
  A rat (D:2)
1 creature vanquished.

Grand Total: 28 creatures vanquished

Notes
Turn   | Place    | Note
--------------------------------------------------------------
     0 | D:1      | abixa, the Kobold Hunter, began the quest for the Orb.
     0 | D:1      | Reached XP level 1. HP: 12/12 MP: 1/1
    31 | D:1      | Reached skill level 1 in Short Blades
   291 | D:1      | Reached XP level 2. HP: 15/17 MP: 2/2
   370 | D:1      | Found a sparkling altar of Nemelex Xobeh.
   374 | D:1      | Became a worshipper of Nemelex Xobeh the Trickster
   628 | D:1      | Received a gift from Nemelex Xobeh
   677 | D:1      | Reached XP level 3. HP: 16/21 MP: 3/3
  1314 | D:2      | Reached XP level 4. HP: 12/26 MP: 4/4
  1735 | D:2      | Quit the game

Action                   |  1- 3 |  4- 6 || total
-------------------------+-------+-------++-------
Melee: Short sword       |   122 |    25 ||   147
 Fire: Hand crossbow     |     2 |     2 ||     4
  Use: Potion            |       |     1 ||     1
  Eat: Chunk             |     3 |     1 ||     4
